 Dungeon Crawl Stone Soup version 0.30-a0-1053-gbd8d5ba0ad (webtiles) character file.

Game seed: 3218168146704010208

222 ytrimaz the Stinger (level 5, 0/39 HPs)
             Began as a Demigod Transmuter on Apr 11, 2023.
             Slain by an ufetubus (4 damage)
             ... summoned by Eustachio
             ... on level 4 of the Dungeon.
             The game lasted 00:03:56 (2726 turns).

ytrimaz the Stinger (Demigod Transmuter)            Turns: 2726, Time: 00:03:57

Health: 0/39       AC:  2    Str: 11    XL:     5   Next: 38%
Magic:  11/11      EV: 12    Int: 19    God:
Gold:   109        SH:  0    Dex: 14    Spells: 4/9 levels left

rFire   . . .      SeeInvis .      - Unarmed
rCold   . . .      Faith    .    (no shield)
rNeg    . . .      Spirit   .    a - +0 robe
rPois   .          Reflect  .    (no helmet)
rElec   .          Rampage  .    (no cloak)
rCorr   .                        (no gloves)
Will    .....                    (no boots)
Stlth   +                        (no amulet)
HPRegen 0.26/turn                (no ring)
MPRegen 0.12/turn                (no ring)

@: flying
A: high MP 1, forlorn, divine attributes
a: no special abilities


You were on level 4 of the Dungeon.
You visited 1 branch of the dungeon, and saw 4 of its levels.

You collected 109 gold pieces.


Innate Abilities, Weirdness & Mutations

You have an increased reservoir of magic. (+10% MP)
You shall have no god before yourself.
Your divine heritage dramatically boosts your attributes as you level up.


   Skills:
 - Level 0.8 Fighting
 - Level 1.7 Dodging
 - Level 2.6 Unarmed Combat
 + Level 2.5 Spellcasting
 + Level 2.5 Transmutations
 + Level 2.6 Ice Magic
 - Level 3.0 Poison Magic


You had 4 spell levels left.
You knew the following spells:

 Your Spells              Type           Power      Damage    Failure   Level
b - Wereblood             Tmut           11%        N/A       9%          2
c - Spider Form           Tmut/Pois      12%        N/A       16%         3

Your spell library contained the following spells:

 Spells                   Type           Power      Damage    Failure   Level
 Beastly Appendage        Tmut           22%        N/A       6%          1
 Ice Form                 Ice/Tmut       12%        N/A       50%         4

Inventory:

Armour
 a - a +0 robe (worn)
Scrolls
 f - a scroll of teleportation
Potions
 b - 3 potions of haste
 d - 2 potions of mutation
 g - a potion of attraction {unknown}
 h - a potion of curing {unknown}
 i - a potion of invisibility {unknown}
 l - a potion of brilliance

Dungeon Overview and Level Annotations

Branches:
Dungeon (4/15) Zot: 21284
 Temple: D:4-7

Shops:
D:1 (   D:2 (

Annotations:
D:4 Eustachio

.... ........
.... .......
..... ..... ....
..... .... ....
......#.. #... #
......#.###.#..#
#
.......b....#..#
#
.....##@#####..#
# ... #@#####..#
# # #.5.[....# #
######...# #
#...#########
#............
#..##########
#..# #######..#
.........#


You could see Eustachio (very poisoned), an ufetubus (summoned) and a bat
(summoned).


Message History

The ufetubus closely misses you. The ufetubus completely misses you.
You hit the ufetubus.
The ufetubus is poisoned.
The ufetubus closely misses you. The ufetubus barely misses you.
You hit the ufetubus.
You kill the ufetubus!
The ufetubus disappears in a puff of smoke!
Eustachio gestures wildly while chanting. 😕 MP[+1] Unknown command.
You hit the iron imp.
The iron imp closely misses you. 😕 HP[+1]
You hit the iron imp but do no damage.
The iron imp is poisoned.
The iron imp completely misses you.
You hit the iron imp.
The iron imp looks even sicker.
Unknown command.
You hit the iron imp.
Eustachio mumbles some strange words.
Eustachio blinks!
The iron imp closely misses you.
You hit the iron imp but do no damage.
You kill the iron imp!
The iron imp disappears in a puff of smoke! 😕 HP[+1] Unknown command.
You hit the hobgoblin. The hobgoblin closely misses you.
You barely miss the hobgoblin.
The hobgoblin hits you but does no damage.
You hit the hobgoblin but do no damage.
The hobgoblin is poisoned.
The hobgoblin closely misses you.
You hit the hobgoblin.
You kill the hobgoblin!
Unknown command. 😎 HP[+1] MP[+1]
Your hp is fully restored (39).
You hit the river rat but do no damage.
Your transformation is almost over.
Eustachio brags, "I can call spirits from the vasty deep."
The river rat barely misses you.
You hit the river rat.
The river rat is poisoned.
The river rat closely misses you.
You hit the river rat.
The river rat looks even sicker.
The river rat bites you. 😕 HP[-6]
You take 6 damage, and now have 33/39 hp.
Unknown command.
You barely miss the river rat.
The river rat closely misses you. 😕 HP[+1]
You hit the river rat.
The river rat looks as sick as possible!
You kill the river rat!
The river rat's corpse disappears in a puff of smoke!
The bat barely misses you.
Eustachio gestures wildly while chanting.
Unknown command.
You barely miss the bat. The bat closely misses you.
You hit the bat.
You kill the bat!
The bat's corpse disappears in a puff of smoke!
Eustachio casts a spell.
You see here a hobgoblin corpse. 😕 HP[+1] Unknown command.
You barely miss Eustachio.
Eustachio casts a spell. 😕 MP[+1]
Your mp is fully restored (11).
You hit Eustachio.
Eustachio is poisoned.
Eustachio misses you. The ufetubus closely misses you.
The ufetubus hits you. 😕 HP[-5]
You take 5 damage, and now have 30/39 hp.
You hit Eustachio but do no damage.
Eustachio looks as sick as possible!
Your transformation has ended.
Your +0 robe unmelds from your body.
The ufetubus barely misses you. The ufetubus hits you.
Eustachio hits you with a +7 falchion of protection. 😮 HP[-5]
You take 5 damage, and now have 25/39 hp.
You hit Eustachio but do no damage. The ufetubus closely misses you. x2
Eustachio hits you with a +7 falchion of protection!
* * * LOW HITPOINT WARNING * * *
The ufetubus hits you.
* * * LOW HITPOINT WARNING * * *
The ufetubus barely misses you. 😨 HP[-12]
You take 12 damage, and now have 13/39 hp.
MASSIVE DAMAGE!! (PAUSE)
You miss Eustachio. The ufetubus barely misses you.
The ufetubus closely misses you. Eustachio closely misses you. 😨 HP[+1]
You hit Eustachio but do no damage. The ufetubus hits you.
* * * LOW HITPOINT WARNING * * *
The ufetubus closely misses you.
Eustachio hits you with a +7 falchion of protection!
* * * LOW HITPOINT WARNING * * *
😱 HP[-10]
You take 10 damage, and now have 4/39 hp.
MASSIVE DAMAGE!! (PAUSE) It was a potion of flight.
You feel very buoyant.
You fly up into the air.
The ufetubus hits you.
You die...

Skill      XL: |  1  2  3  4  5 |
---------------+----------------+-----
Ice Magic      | 1 2 |  2.6
Transmutations | 2 |  2.5
Poison Magic   | 1 2 3 |  3.0
Spellcasting   | 2 |  2.5
Fighting       | |  0.8
Dodging        | |  1.7
Unarmed Combat | |  2.6

Action                     |  1- 3 |  4- 6 || total
---------------------------+-------+-------++-------
  Melee: Unarmed           |   140 |    83 ||   223
         Kick              |    22 |       ||    22
         Headbutt          |    14 |       ||    14
   Cast: Beastly Appendage |    24 |       ||    24
         Spider Form       |     5 |     8 ||    13
    Use: Potion            |     1 |     2 ||     3
         Scroll            |    12 |       ||    12
 Armour: Skin              |    13 |     2 ||    15
         Robe              |    26 |     5 ||    31
  Dodge: Dodged            |   115 |    68 ||   183

Levels and vault maps discovered:
D:1:      amcnicky_arrival_double_pillar, layout_rooms, serial_shops,
          nicolae_shop_waterfront, minmay_strange_pillars, minmay_ruptured
D:2:      layout_basic, serial_shops, nicolae_shop_overgrown_old_shop,
          hangedman_abyss_or_decor_stabs
D:3:      layout_loops_cross, basic_ecumenical_altar, cheibrodos_gnoll_hut
D:4:      layout_basic, uniq_menkaure, uniq_eustachio, uniq_natasha

Notes
Turn   | Place    | Note
-------+----------+-------------------------------------------
     0 | D:1      | ytrimaz the Demigod Transmuter began the quest for the Orb.
     0 | D:1      | Reached XP level 1. HP: 15/15 MP: 5/5
     0 | D:1      | magus.rc [v1.9.6]
   214 | D:1      | Reached XP level 2. HP: 22/22 MP: 5/7
   333 | D:1      | Reached skill level 1 in Ice Magic
   334 | D:1      | Reached skill level 2 in Transmutations
   334 | D:1      | Reached skill level 1 in Poison Magic
   338 | D:1      | Learned a level 2 spell: Wereblood
   386 | D:1      | Reached skill level 2 in Spellcasting
   502 | D:1      | Found Siunogir's Weapon Shop.
   797 | D:2      | Found Derphairch's Antique Weapon Emporium.
   876 | D:2      | Reached XP level 3. HP: 27/27 MP: 6/8
   890 | D:2      | Learned a level 3 spell: Spider Form
  1744 | D:3      | Reached skill level 2 in Ice Magic
  1744 | D:3      | Reached skill level 2 in Poison Magic
  2016 | D:3      | Reached XP level 4. HP: 34/34 MP: 5/9
  2353 | D:3      | Reached XP level 5. HP: 24/39 MP: 5/11
  2594 | D:4      | Reached skill level 3 in Poison Magic
  2691 | D:4      | Noticed Eustachio
  2725 | D:4      | HP: 4/39 [Eustachio/+7 falchion of protection (8)]
  2726 | D:4      | Slain by an ufetubus

Vanquished Creatures
  2 hounds (D:3)
  2 orc wizards (D:4)
  4 adders
  A gnoll (D:3)
  A worm (D:2)
  A dart slug (D:1)
  2 orcs
  6 endoplasms
  3 giant cockroaches
  4 goblins
  5 hobgoblins
  5 jackals
  4 kobolds
  2 quokkas (D:1)
  6 ball pythons
  3 bats
  A frilled lizard (D:1)
  8 rats
60 creatures vanquished.

Table legend:
 A = Non-vault XP
 B = Vault XP
 C = Vault XP percentage of total XP
 D = Non-vault monster count
 E = Vault monster count
 F = Vault count percentage of total count
                 A         B        C        D         E       F
            +---------+---------+-------+---------+---------+-------
      Total |     216 |     102 |  32.1 |      53 |       7 |  11.7
            +---------+---------+-------+---------+---------+-------
        D:1 |      29 |       5 |  14.7 |      15 |       4 |  21.1
        D:2 |      59 |       0 |   0.0 |      18 |       0 |   0.0
        D:3 |      48 |      97 |  66.9 |      15 |       3 |  16.7
        D:4 |      80 |       0 |   0.0 |       5 |       0 |   0.0
            +---------+---------+-------+---------+---------+-------

Illustrated notes

Table legend:
 A = Kills in this place as a percentage of kills in the entire game.
 B = Kills by you in this place as a percentage of kills by you in the entire game.
 C = Kills by friends in this place as a percentage of kills by friends in the entire game.
 D = Other kills in this place as a percentage of other kills in the entire game.
 E = Experience gained in this place as a percentage of experience gained in the entire game.
 F = Experience gained in this place divided by the number of levels of this place that you have seen.
                   A       B       C       D       E      F
               +-------+-------+-------+-------+-------+----------------------
         Total | 100.0 | 100.0 |   N/A |   N/A | 100.0 |  79.5
       Dungeon | 100.0 | 100.0 |   N/A |   N/A | 100.0 |  79.5
               +-------+-------+-------+-------+-------+----------------------

Table legend: (Time is in decaauts)
 A = Elapsed time spent in this place.
 B = Non-inter-level travel time spent in this place.
 C = Inter-level travel time spent in this place.
 D = Time resting spent in this place.
 E = Time spent auto-exploring this place.
 F = Levels seen in this place.
 G = Mean time per level.
                   A        B        C        D        E       F      G
               +--------+--------+--------+--------+--------+-----+--------+
         Total |   2714 |   2656 |     58 |      2 |   2109 |   4 |  678.5 |
       Dungeon |   2714 |   2656 |     58 |      2 |   2109 |   4 |  678.5 |
               +--------+--------+--------+--------+--------+-----+--------+

Top non-repeatable levels by time:
     D:3: 1021 daAuts
     D:2: 891 daAuts
     D:1: 570 daAuts
     D:4: 232 daAuts
